 Dungeon Crawl Stone Soup version 0.23.2-33-g5129a83184 (webtiles) character file.

Game seed: 16024153490068818826

196505 Atelerd the Thaumaturge (level 18, -4/121 HPs)
             Began as an Octopode Conjurer on July 20, 2019.
             Was an Elder of Sif Muna.
             Slain by a peacekeeper (6 damage)
             ... in the Desolation of Salt.
             The game lasted 02:21:46 (51267 turns).

Atelerd the Thaumaturge (Octopode Conjurer)        Turns: 51267, Time: 02:21:47

Health: -4/121     AC:  9    Str:  8    XL:     18   Next: 37%
Magic:  21/45      EV: 15    Int: 30    God:    Sif Muna [****..]
Gold:   1313       SH:  5    Dex: 12    Spells: 2/45 levels left

rFire    + + .     SeeInvis +   T - +3 Elemental Staff {rElec rF++ rC++ MR++ AC+5}
rCold    + + +     Gourm    .   n - +0 buckler
rNeg     . . .     Faith    .   S - +1 hat {MR+}
rPois    +         Spirit   .   g - amulet of regeneration
rElec    +         Reflect  .   L - +2 ring of protection
rCorr    .         Harm     .   k - ring of magical power
MR       +++++                  f - ring of see invisible
Stlth    +++.......             J - ring of ice
HPRegen  0.70/turn              Y - ring of Feerogg {rElec rPois MR+ Int+5}
MPRegen  0.29/turn              W - ring of poison resistance
                                y - ring of protection from fire
                                l - ring of wizardry

@: very slightly contaminated
A: almost no armour, stealthy swim, amphibious, 8 rings, constrict 8, camouflage
1, robust 1, gelatinous body 1
}: 1/15 runes: barnacled
a: Divine Energy, Channel Magic, Forget Spell, Renounce Religion


You were in the Desolation of Salt.
You worshipped Sif Muna.
Sif Muna was greatly pleased with you.
You were hungry.

You visited 7 branches of the dungeon, and saw 30 of its levels.
You also visited: Ice Cave and Desolation.

You collected 2606 gold pieces.
You spent 1293 gold pieces at shops.

Inventory:

Hand Weapons
 T - the +3 Elemental Staff (weapon) {rElec rF++ rC++ MR++ AC+5}
   (You found it on level 3 of the Lair of Beasts)

   It affects your AC (+5).
   It greatly protects you from fire.
   It greatly protects you from cold.
   It insulates you from electricity.
   It affects your resistance to hostile enchantments.
Armour
 n - a +0 buckler (worn)
 S - a +1 hat of magic resistance (worn)
Jewellery
 f - a ring of see invisible (on tentacle)
 g - an amulet of regeneration (around mantle)
 k - a ring of magical power (right tentacle)
 l - a ring of wizardry (on tentacle)
 m - a +5 amulet of reflection
 q - an uncursed amulet of the gourmand
 t - an uncursed ring of resist corrosion
 y - a ring of protection from fire (on tentacle)
 A - an uncursed ring of fire
 J - a ring of ice (on tentacle)
 L - a +2 ring of protection (left tentacle)
 W - a ring of poison resistance (on tentacle)
 Y - the ring of Feerogg (on tentacle) {rElec rPois MR+ Int+5}
   (You found it on level 6 of the Lair of Beasts)

   [ring of intelligence]

   It affects your intelligence (+5).
   It insulates you from electricity.
   It protects you from poison.
   It affects your resistance to hostile enchantments.
Wands
 w - a wand of digging (16)
 C - a wand of scattershot (15)
 E - a wand of clouds (8)
 H - a wand of paralysis (17)
 O - a wand of iceblast (14)
 Q - a wand of acid (11)
Scrolls
 d - 4 scrolls of summoning
 j - 8 scrolls of enchant weapon
 o - 11 scrolls of remove curse
 r - 3 scrolls of identify
 s - 11 scrolls of teleportation
 u - a scroll of fear
 B - 4 scrolls of magic mapping
 F - 2 scrolls of silence
 G - 7 scrolls of immolation
 N - 2 scrolls of vulnerability
 P - 3 scrolls of fog
 V - 2 scrolls of holy word
Potions
 a - 3 potions of brilliance
 c - 3 potions of might
 e - a potion of agility
 i - 4 potions of mutation
 p - a potion of berserk rage
 x - a potion of resistance
 z - 10 potions of curing
 D - a potion of invisibility
 I - 2 potions of cancellation
 K - 2 potions of ambrosia
 M - 2 potions of flight
 U - 6 potions of haste
 Z - a potion of magic
Comestibles
 b - 52 rations


   Skills:
 - Level 6.0 Fighting
 - Level 5.0 Staves
 - Level 5.0 Dodging
 - Level 2.6 Stealth
 - Level 4.0 Shields
 - Level 14.4 Spellcasting
 - Level 13.8 Conjurations
 * Level 12.6 Summonings
 * Level 12.6 Necromancy
 - Level 3.0 Translocations
 - Level 9.0 Ice Magic
 - Level 4.4 Air Magic
 - Level 12.0 Invocations
 - Level 5.0 Evocations


You had 2 spell levels left.
You knew the following spells:

 Your Spells              Type           Power        Failure   Level  Hunger
a - Iskenderun's Mystic   Conj           #######.     1%          4    None
b - Mephitic Cloud        Conj/Pois/Air  ######..     1%          3    None
c - Blink                 Tloc           N/A          1%          2    None
d - Orb of Destruction    Conj           #######...   2%          7    #####..
e - Shroud of Golubria    Chrm/Tloc      ####......   1%          2    None
f - Fireball              Conj/Fire      ######....   1%          5    None
g - Haunt                 Necr/Summ      #######...   4%          7    #####..
h - Freezing Cloud        Conj/Ice/Air   #######...   3%          6    ###....
i - Regeneration          Chrm/Necr      ######....   1%          3    None
x - Force Lance           Conj/Tloc      ######..     1%          4    None

Your spell library contained the following spells:

 Spells                   Type           Power        Failure   Level  Hunger
 Animate Skeleton         Necr           N/A          0%          1    None
 Magic Dart               Conj           ####         0%          1    None
 Pain                     Necr           ####         0%          1    None
 Summon Butterflies       Summ           #######.     0%          1    None
 Call Imp                 Summ           #######.     0%          2    None
 Corpse Rot               Necr           N/A          0%          2    None
 Searing Ray              Conj           ######       0%          2    None
 Beastly Appendage        Tmut           ###...       1%          1    None
 Flame Tongue             Conj/Fire      #####        1%          1    None
 Freeze                   Ice            ####         1%          1    None
 Sting                    Conj/Pois      ####         1%          1    None
 Ensorcelled Hibernation  Hex/Ice        ######       1%          2    None
 Poisonous Vapours        Pois/Air       ####..       1%          2    None
 Sticks to Snakes         Tmut           ###.....     1%          2    None
 Throw Flame              Conj/Fire      ######       1%          2    None
 Call Canine Familiar     Summ           #######.     1%          3    None
 Dazzling Spray           Conj/Hex       ######       1%          3    None
 Gell's Gravitas          Tloc           #####.....   1%          3    None
 Lesser Beckoning         Tloc           #####.....   1%          3    None
 Teleport Other           Tloc           #####...     1%          3    None
 Vampiric Draining        Necr           #######...   1%          3    None
 Animate Dead             Necr           N/A          1%          4    None
 Fulminant Prism          Conj/Hex       ######....   1%          4    None
 Ice Form                 Ice/Tmut       ######..     1%          4    None
 Summon Ice Beast         Ice/Summ       #######.     1%          4    None
 Borgnjor's Vile Clutch   Necr/Erth      ######....   1%          5    None
 Irradiate                Conj/Tmut      ######....   1%          5    None
 Iskenderun's Battlesphe  Conj/Chrm      ######..     1%          5    None
 Lightning Bolt           Conj/Air       ######....   1%          5    None
 Summon Demon             Summ           #######...   1%          5    None
 Summon Mana Viper        Hex/Summ       ######..     1%          5    None
 Venom Bolt               Conj/Pois      ######....   1%          5    None
 Bolt of Cold             Conj/Ice       #######...   1%          6    ###....
 Simulacrum               Ice/Necr       #######...   1%          6    ###....
 Spider Form              Tmut/Pois      ###.......   2%          3    None
 Passage of Golubria      Tloc           N/A          2%          4    None
 Ozocubu's Refrigeration  Ice            #######...   3%          6    ###....
 Spellforged Servitor     Conj/Summ      #######...   3%          7    #####..
 Bolt of Magma            Conj/Fire/Erth #####.....   4%          5    None
 Metabolic Englaciation   Hex/Ice        ######....   4%          5    None
 Monstrous Menagerie      Summ           #######...   4%          7    #####..
 Summon Hydra             Summ           #######...   4%          7    #####..
 Olgreb's Toxic Radiance  Pois           ###.....     9%          4    None
 Bolt of Fire             Conj/Fire      ######....   9%          6    ###....
 Iron Shot                Conj/Erth      ######....   9%          6    ###....
 Blade Hands              Tmut           ###.......   24%         5    None
 Infestation              Necr           #######...   32%         8    ######.
 Hydra Form               Tmut           ###.......   77%         6    ###....
 Statue Form              Tmut/Erth      ###......    77%         6    ###....
 Dragon Form              Tmut           ###.......   99%         7    #####..
 Dragon's Call            Summ           #######...   99%         9    #######
 Glaciate                 Conj/Ice       #######...   100%        9    #######


Dungeon Overview and Level Annotations

Branches:
Dungeon (15/15)            Temple (1/1) D:4            Lair (6/6) D:8
 Shoals (4/4) Lair:3       Spider (0/4) Lair:2        Slime (0/5) Lair:5
    Orc (2/2) D:12            Elf (1/3) Orc:2        Vaults (1/5) D:14
 Depths (0/5) D:15

Altars:
Ashenzari
Cheibriados
Dithmenos
Elyvilon
Fedhas
Gozag
Hepliaklqana
Kikubaaqudgha
Makhleb
Nemelex Xobeh
Okawaru
Qazlal
Ru
Sif Muna
Trog
Uskayaw
Vehumet
Wu Jian
Xom
Yredelemnul
Zin
The Shining One
Beogh
Jiyva

Shops:
D:6 !   D:7 [   D:9 [   D:11 *%(=%   D:12 (   Orc:2 ***(   Shoals:1 =
Shoals:3 }*!(

Annotations:
D:6 exclusion: upstairs
D:7 exclusion: downstairs
D:8 exclusions: downstairs and upstairs
D:9 4 runed translucent doors
D:14 exclusion: 2 downstairs
Lair:3 exclusion: downstairs
Shoals:1 exclusion: 2 downstairs
Shoals:3 3 runed translucent doors, exclusion: downstairs, Bergy's ghost, journeyman GrFi


Innate Abilities, Weirdness & Mutations

You cannot wear most types of armour.
You are very stealthy in the water. (Stealth+)
You are amphibious.
You can wear up to eight rings at the same time.
You can use your tentacles to constrict eight enemies at once.
Your skin changes colour to match your surroundings (Stealth+).
Your rubbery body absorbs attacks. (AC +1, EV +1)
You are robust. (+10% HP)


Message History

Unknown command.
You feel better.
The guardian serpent casts a spell.
The ragged hierophant blinks! x2; The saltling blinks!
The guardian serpent blinks!
The halazid warlock blinks!
Your phantasmal warrior hits the guardian serpent!!
Your wraith hits the guardian serpent.
The guardian serpent dies!
The guardian serpent's corpse dissolves into shadows!
The guardian serpent hits you but does no damage.
Unknown command.
Casting: Blink (safe; 1% risk of failure)
Confirm with . or Enter, or press ? or * to list all spells.
You blink.
The peacekeeper roars!
The peacekeeper misses you. You block the peacekeeper's attack.
The saltling closely misses you. The saltling hits you!
* * * LOW HITPOINT WARNING * * *
You block the peacekeeper's attack. The peacekeeper claws you.
You die...

...............
...............
........#......
...............
...............
...............
.......8.......
#.@.......
#8.8......
#.8p......
#L........
#.8pS.....
#.p.......
#W........
#..W......
#WWW..........
....


You could see 2 ragged hierophants, a servant of whispers, a halazid warlock, a
peacekeeper, a guardian serpent, 4 saltlings, a friendly freezing wraith and a
friendly wraith.

Vanquished Creatures
  Rupert (D:12)
  Jorgrun (Orc:2)
  A kraken (Shoals:4)
  Gastronok (Lair:3)
  Donald (Shoals:1)
  Ilsuiw (Shoals:3)
  Louise (Shoals:1)
  A dire elephant (D:15)
  2 merfolk javelineers (Shoals:4)
  8 merfolk impalers
  Josephine (D:14)
  A fire dragon (D:14)
  A rakshasa (D:13)
  A great orb of eyes (D:15)
  3 hydras
  2 servants of whispers (Desolation)
  A catoblepas (Shoals:2)
  7 centaur warriors
  6 merfolk aquamancers
  2 alligator snapping turtles
  2 ogre magi (D:15)
  8 dancing weapons (Elf:1)
  9 death yaks
  2 merfolk avatars (Shoals:4)
  9 two-headed ogres
  Urug (D:13)
  A fire crab (shapeshifter) (D:14)
  6 deep elf knights (Elf:1)
  12 skeletal warriors
  2 unseen horrors
  6 sea snakes
  Pikel (D:8)
  2 ironbrand convokers (Desolation)
  2 orc knights
  7 harpies
  2 ugly things (IceCv)
  3 deep elf archers (Elf:1)
  8 orc sorcerers
  A wolf spider (D:15)
  25 deep elf magi
  4 oklob plants (Lair:2)
  13 manticores
  A cyclops (Shoals:1)
  14 fauns
  15 elephants
  4 water nymphs
  8 merfolk sirens
  2 black mambas
  A gargoyle (D:14)
  A guardian serpent (Desolation)
  2 ice statues (IceCv)
  A naga mage (D:15)
  8 spiny frogs
  A freezing wraith (D:15)
  9 komodo dragons
  3 rime drakes
  3 efreet (D:15)
  37 merfolk
  13 polar bears
  4 trolls
  4 wind drakes
  9 dream sheep
  10 snapping turtles
  13 hippogriffs
  7 saltlings (Desolation)
  A raiju (Lair:6)
  7 slime creatures (D:13)
  19 blink frogs
  An air elemental (Elf:1)
  A centaur simulacrum (D:15)
  3 shadows
  16 water elementals
  Sigmund (D:3)
  5 wraiths
  4 hogs (D:7)
  56 yaks
  2 vampires
  3 wyverns
  6 basilisks
  A fire elemental (Elf:1)
  A human (D:7)
  2 steam dragons
  6 vampire mosquitoes
  12 wargs
  An acid dragon (D:14)
  14 hell hounds (Lair:6)
  11 water moccasins
  2 soldier ants
  6 porcupines
  14 orc warriors
  Duvessa (D:4)
  4 sky beasts
  20 ice beasts
  14 black bears
  5 phantoms
  17 ogres
  An eye of draining (D:13)
  A necrophage (D:11)
  13 wolves (Lair:6)
  19 centaurs
  13 crocodiles
  2 big kobolds
  15 bullfrogs
  2 wyvern zombies
  5 scorpions
  Dowan (D:4)
  20 killer bees
  17 wights
  3 electric eels
  A howler monkey (D:7)
  4 crimson imps
  A bullfrog zombie (D:11)
  4 centaur zombies
  3 jellies
  16 orc priests
  8 hounds
  A quasit (D:10)
  2 bullfrog skeletons
  4 centaur skeletons
  Jessica (D:3)
  A gnoll shaman (D:10)
  10 worker ants
  7 iguanas
  32 orc wizards
  A hound skeleton (D:6)
  2 worker ant zombies
  Robin (D:3)
  4 gnolls (D:10)
  9 adders
  8 shadow imps
  A white imp (D:4)
  2 oozes
  An adder skeleton (D:8)
  2 adder zombies (D:9)
  2 dart slugs
  2 worms
  8 leopard geckos
  87 orcs
  A ball python (D:1)
  A giant cockroach (D:1)
  10 goblins
  16 hobgoblins
  4 jackals
  18 kobolds
  4 quokkas
  6 bats
  7 frilled lizards
  2 quokka skeletons (D:6)
  5 rats
  A fungus (Lair:1)
  27 plants
  2 tentacles
1036 creatures vanquished.

Vanquished Creatures (collateral kills)
  Polyphemus (Shoals:2)
  A kraken (Shoals:1)
  3 merfolk javelineers
  A merfolk impaler (Shoals:4)
  A servant of whispers (Desolation)
  A merfolk aquamancer (Shoals:4)
  A satyr (Shoals:4)
  A death yak (Shoals:2)
  2 sea snakes
  A cyclops (Shoals:1)
  3 fauns (Shoals:4)
  A merfolk siren (Shoals:3)
  A guardian serpent (Desolation)
  A water nymph (Shoals:4)
  A merfolk (Shoals:4)
  A killer bee (D:11)
  A tentacle (Shoals:4)
22 creatures vanquished.

Vanquished Creatures (others)
  A merfolk impaler (Shoals:4)
  A deep elf archer (Elf:1)
  4 deep elf magi (Elf:1)
  A faun (Shoals:4)
  An air elemental (Elf:1)
  3 slaves (D:8)
  An ogre (D:9)
  A crocodile (D:8)
  A bullfrog (D:9)
  2 electric eels (D:9)
  An adder (D:8)
  2 bushes
  11 fungi
  87 plants
  21 tentacles
138 creatures vanquished.

Grand Total: 1196 creatures vanquished

Notes
Turn   | Place    | Note
-------+----------+-------------------------------------------
     0 | D:1      | Atelerd the Octopode Conjurer began the quest for the Orb.
     0 | D:1      | Reached XP level 1. HP: 11/11 MP: 3/3
     6 | D:1      | Noticed a hound
     6 | D:1      | Noticed a seven-headed hydra
     7 | D:1      | Noticed a water moccasin
     7 | D:1      | Noticed a black bear
   276 | D:1      | Reached XP level 2. HP: 9/17 MP: 5/5
   752 | D:1      | Reached XP level 3. HP: 15/21 MP: 7/7
   881 | D:1      | Reached skill level 3 in Spellcasting
  1512 | D:2      | Reached XP level 4. HP: 23/27 MP: 6/9
  1518 | D:2      | Learned a level 4 spell: Iskenderun's Mystic Blast
  1523 | D:2      | Learned a level 4 spell: Force Lance
  1750 | D:2      | Gained mutation: Your spells are a little harder to cast,
                  | but a little more powerful. [potion of mutation]
  1750 | D:2      | Gained mutation: Your system is resistant to poisons.
                  | (rPois) [potion of mutation]
  2023 | D:3      | Noticed Jessica
  2028 | D:3      | Killed Jessica
  2028 | D:3      | Reached skill level 4 in Spellcasting
  2028 | D:3      | Reached XP level 5. HP: 31/31 MP: 1/11
  2159 | D:3      | Lost mutation: Your spells are a little harder to cast, but
                  | a little more powerful. [potion of mutation]
  2159 | D:3      | Lost mutation: Your system is resistant to poisons. (rPois)
                  | [potion of mutation]
  2159 | D:3      | Gained mutation: You are robust. (+10% HP) [potion of
                  | mutation]
  2159 | D:3      | Gained mutation: Your mind is acute. (Int +2) [potion of
                  | mutation]
  2347 | D:3      | Noticed Sigmund
  2362 | D:3      | Reached skill level 9 in Spellcasting
  2362 | D:3      | Reached XP level 6. HP: 16/39 MP: 4/18
  2798 | D:3      | Killed Sigmund
  2798 | D:3      | Reached skill level 1 in Shields
  2798 | D:3      | Reached skill level 10 in Spellcasting
  2798 | D:3      | Reached XP level 7. HP: 45/45 MP: 10/20
  2911 | D:3      | Noticed Robin
  2920 | D:3      | Killed Robin
  3149 | D:3      | Found an iron altar of Okawaru.
  3435 | D:4      | Found a staircase to the Ecumenical Temple.
  3435 | D:4      | Noticed Dowan
  3439 | D:4      | Noticed Duvessa
  3454 | D:4      | Killed Dowan
  3701 | D:4      | Killed Duvessa
  3701 | D:4      | Reached XP level 8. HP: 50/50 MP: 12/22
  3717 | Temple   | Entered the Ecumenical Temple
  3879 | D:4      | Got a vibrating bronze ring
  3882 | D:4      | Identified the ring "Kudink" {Fire Str+2} (You found it on
                  | level 4 of the Dungeon)
  3913 | D:4      | Learned a level 3 spell: Regeneration
  4360 | D:5      | Entered Level 5 of the Dungeon
  4369 | D:5      | Found a basalt altar of Yredelemnul.
  4517 | D:5      | Found a glowing silver altar of Zin.
  5203 | D:5      | Found an opulent altar of Gozag.
  5286 | D:5      | Found an ornate altar of the Wu Jian Council.
  5422 | D:5      | Found a deep blue altar of Sif Muna.
  5852 | D:6      | Found Jypog's Distillery.
  5860 | D:6      | Bought a potion of curing for 39 gold pieces
  5860 | D:6      | Bought a potion of curing for 39 gold pieces
  5874 | D:5      | Became a worshipper of Sif Muna the Loreminder
  5974 | D:6      | Reached XP level 9. HP: 56/56 MP: 23/23
  6060 | D:6      | Reached skill level 1 in Invocations
  7171 | D:7      | Reached * piety under Sif Muna
  7255 | D:7      | Reached XP level 10. HP: 53/61 MP: 13/24
  7289 | D:7      | Found Joboggybia's Antique Armour Shoppe.
  7554 | D:7      | Found a roughly hewn altar of Beogh.
  7875 | D:8      | Found a snail-covered altar of Cheibriados.
  7875 | D:8      | Found a blossoming altar of Fedhas.
  7894 | D:8      | Reached skill level 11 in Spellcasting
  7894 | D:8      | Reached skill level 5 in Invocations
  8113 | D:8      | Noticed a tengu warrior
  8132 | D:8      | Found a glowing golden altar of the Shining One.
  8132 | D:8      | Noticed Pikel
  8138 | D:8      | Killed Pikel
  8601 | D:8      | Reached skill level 10 in Conjurations
  8791 | D:8      | Found a staircase to the Lair.
  9466 | D:8      | Found a hide-covered altar of Uskayaw.
  9745 | D:8      | Reached ** piety under Sif Muna
  9991 | D:9      | Reached XP level 11. HP: 67/67 MP: 15/26
 10020 | Lair:1   | Entered Level 1 of the Lair of Beasts
 10412 | D:9      | Noticed a skeletal warrior
 10414 | D:9      | Noticed a skeletal warrior
 10674 | D:8      | Killed a skeletal warrior
 10827 | Lair:1   | Noticed a six-headed hydra
 10926 | Lair:1   | Killed a six-headed hydra
 12444 | Lair:2   | Learned a level 3 spell: Mephitic Cloud
 12450 | Lair:2   | Learned a level 5 spell: Venom Bolt
 12637 | Lair:2   | Found a hole to the Spider Nest.
 12763 | Lair:2   | Reached skill level 10 in Invocations
 13016 | Lair:2   | Reached skill level 12 in Spellcasting
 13326 | Lair:2   | Reached XP level 12. HP: 15/72 MP: 17/28
 14678 | Lair:2   | Reached *** piety under Sif Muna
 15192 | Lair:3   | Found a staircase to the Shoals.
 15647 | Lair:3   | Reached skill level 1 in Fighting
 15864 | Lair:3   | Reached skill level 1 in Air Magic
 15865 | Lair:3   | Reached skill level 1 in Translocations
 15876 | Lair:3   | Noticed Gastronok
 16094 | Lair:3   | Killed Gastronok
 16283 | Lair:3   | Found the +3 Elemental Staff {rElec rF++ rC++ MR++ AC+5}
 16905 | Lair:4   | Reached XP level 13. HP: 83/83 MP: 18/29
 17744 | Lair:4   | Reached skill level 1 in Evocations
 17868 | Lair:4   | Reached skill level 1 in Staves
 19978 | Lair:5   | Reached **** piety under Sif Muna
 20325 | Lair:4   | Learned a level 4 spell: Summon Ice Beast
 20518 | Lair:5   | Found a viscous altar of Jiyva.
 20518 | Lair:5   | Found a staircase to the Slime Pits.
 21196 | Lair:5   | Reached skill level 1 in Ice Magic
 21473 | Lair:5   | Reached skill level 5 in Fighting
 21733 | Lair:6   | Entered Level 6 of the Lair of Beasts
 21833 | Lair:6   | Found a frozen archway.
 21969 | IceCv    | Entered an ice cave
 22035 | IceCv    | Found a transporter.
 22155 | IceCv    | Found a transporter.
 22179 | IceCv    | Reached XP level 14. HP: 71/96 MP: 13/30
 22293 | IceCv    | Learned a level 2 spell: Shroud of Golubria
 22729 | Lair:6   | Reached skill level 13 in Spellcasting
 23366 | Lair:6   | Got a slimy turquoise ring
 23431 | Lair:6   | Reached skill level 5 in Dodging
 24025 | Lair:6   | Identified the ring of Feerogg {rElec rPois MR+ Int+5} (You
                  | found it on level 6 of the Lair of Beasts)
 24592 | Lair:6   | Reached skill level 5 in Ice Magic
 25302 | Lair:6   | Reached skill level 5 in Evocations
 25313 | Lair:6   | Reached ***** piety under Sif Muna
 25313 | Lair:6   | Received a gift from Sif Muna
 25323 | Lair:6   | Learned a level 7 spell: Orb of Destruction
 26235 | D:9      | Found a burning altar of Makhleb.
 26332 | D:9      | Found a shimmering altar of Xom.
 26392 | D:9      | Found a huge runed translucent gate.
 26393 | D:9      | Found a huge runed translucent gate.
 26394 | D:9      | Found a huge runed translucent gate.
 26395 | D:9      | Found a huge runed translucent gate.
 26412 | D:9      | Found a white marble altar of Elyvilon.
 26859 | D:9      | Reached skill level 5 in Staves
 27113 | D:9      | Found Cemirufa's Antique Armour Boutique.
 27293 | D:10     | Entered Level 10 of the Dungeon
 28609 | D:11     | Found Utanios's General Store.
 28907 | D:11     | Found Hotatirr's Food Emporium.
 28955 | D:11     | Found Jetafo's Food Emporium.
 29356 | D:11     | Found Dupseus's Jewellery Boutique.
 29360 | D:11     | Bought an uncursed ring of see invisible for 180 gold
                  | pieces
 29370 | D:11     | Found Xuats's Weapon Boutique.
 29919 | D:12     | Reached XP level 15. HP: 101/101 MP: 0/32
 30089 | D:12     | Found Diof's Antique Weapon Shop.
 30189 | D:12     | Noticed Rupert
 30194 | D:12     | Killed Rupert
 30449 | D:12     | Found a staircase to the Orcish Mines.
 31012 | Orc:1    | Entered Level 1 of the Orcish Mines
 31267 | D:13     | Identified Sif Muna's Reference Book on the Snowflakes (Sif
                  | Muna gifted it to you on level 13 of the Dungeon)
 31267 | D:13     | Received a gift from Sif Muna
 31329 | D:13     | Learned a level 6 spell: Freezing Cloud
 32239 | D:13     | Noticed Urug
 32246 | D:13     | Killed Urug
 32757 | D:14     | Noticed Josephine
 32761 | D:14     | Killed Josephine
 33354 | D:14     | Reached skill level 14 in Spellcasting
 33969 | D:14     | Found a gate to the Vaults.
 34023 | D:15     | Entered Level 15 of the Dungeon
 34245 | D:15     | Identified Sif Muna's Grimoire of Flamy Evil Magic (Sif
                  | Muna gifted it to you on level 15 of the Dungeon)
 34245 | D:15     | Received a gift from Sif Muna
 34301 | D:15     | Learned a level 5 spell: Fireball
 34530 | D:15     | Reached skill level 1 in Summonings
 34532 | D:15     | Reached skill level 1 in Necromancy
 34933 | D:15     | Reached XP level 16. HP: 108/108 MP: 23/34
 35738 | D:15     | Found a staircase to the Depths.
 36792 | Orc:2    | Entered Level 2 of the Orcish Mines
 36794 | Orc:2    | Found a staircase to the Elven Halls.
 36910 | Orc:2    | Lost mutation: Your mind is acute. (Int +2) [a neqoxec]
 36935 | Orc:2    | Found Rifex's Assorted Antiques.
 36935 | Orc:2    | Found Citi's Assorted Antiques.
 36936 | Orc:2    | Noticed Jorgrun
 36949 | Orc:2    | HP: 1/108 [Jorgrun/blast of rock fragments (17)]
 36956 | Orc:2    | Killed Jorgrun
 36956 | Orc:2    | Reached skill level 5 in Summonings
 36956 | Orc:2    | Reached skill level 5 in Necromancy
 37355 | Orc:2    | Found Yggomnunk's Weapon Shoppe.
 37355 | Orc:2    | Found Yfyr's Assorted Antiques.
 37372 | Orc:2    | Bought a shiny agate ring for 115 gold pieces
 37372 | Orc:2    | Bought a scroll labeled CERENNY XOSS for 23 gold pieces
 37372 | Orc:2    | Bought a dazzling falchion for 184 gold pieces
 37375 | Orc:2    | Identified the cursed +0 falchion of Liter {flame, +Rage
                  | SInv} (You bought it in a shop on level 2 of the Orcish
                  | Mines)
 37378 | Orc:2    | Bought a scroll of identify for 46 gold pieces
 37394 | Orc:2    | Found a roughly hewn altar of Beogh.
 37788 | Elf:1    | Entered Level 1 of the Elven Halls
 38781 | Elf:1    | Identified Sif Muna's Tome of the Ghastly Escort (Sif Muna
                  | gifted it to you on level 1 of the Elven Halls)
 38781 | Elf:1    | Received a gift from Sif Muna
 40275 | Shoals:1 | Entered Level 1 of the Shoals
 40560 | Shoals:1 | Learned a level 2 spell: Blink
 40690 | Shoals:1 | Found Moseitre's Jewellery Shoppe.
 40710 | Shoals:1 | Noticed Donald
 40715 | Shoals:1 | Killed Donald
 40936 | Shoals:1 | Bought a cursed amulet of inaccuracy for 30 gold pieces
 40953 | Shoals:1 | Reached XP level 17. HP: 115/115 MP: 22/35
 42134 | Shoals:1 | Noticed a kraken
 42548 | Shoals:1 | Noticed Louise
 42653 | Shoals:1 | Killed Louise
 42762 | Shoals:1 | Identified Woevyhiko's Grimoire of Icy Confrontation (Sif
                  | Muna gifted it to you on level 1 of the Shoals)
 42762 | Shoals:1 | Received a gift from Sif Muna
 42777 | Shoals:1 | Learned a level 7 spell: Haunt
 44173 | Shoals:1 | Killed a kraken
 44173 | Shoals:1 | Reached skill level 10 in Summonings
 44173 | Shoals:1 | Reached skill level 10 in Necromancy
 45184 | Shoals:2 | Noticed Polyphemus
 46802 | Shoals:2 | Killed Polyphemus
 47018 | Shoals:2 | Got an encrusted quarterstaff
 47019 | Shoals:2 | Identified the +2 quarterstaff of Growth {pain, rElec rF+}
                  | (You found it on level 2 of the Shoals)
 47185 | Shoals:3 | Found Xutzyos's Gadget Shoppe.
 47275 | Shoals:3 | Noticed Ilsuiw
 47277 | Shoals:3 | Found Jikly's Distillery.
 47326 | Shoals:3 | Killed Ilsuiw
 47327 | Shoals:3 | Found a runed translucent gate.
 47327 | Shoals:3 | Found a runed translucent gate.
 47327 | Shoals:3 | Found a runed translucent gate.
 47328 | Shoals:3 | Noticed Bergy's ghost (journeyman GrFi)
 47466 | Shoals:3 | Found Onteul's Assorted Antiques.
 47475 | Shoals:3 | Bought a ring of intelligence for 42 gold pieces
 47475 | Shoals:3 | Bought a scroll of blinking for 157 gold pieces
 47475 | Shoals:3 | Bought a scroll of identify for 42 gold pieces
 47636 | Shoals:3 | Bought a potion of curing for 36 gold pieces
 47636 | Shoals:3 | Bought a potion of haste for 120 gold pieces
 47636 | Shoals:3 | Bought a potion of haste for 120 gold pieces
 47636 | Shoals:3 | Bought a potion of haste for 120 gold pieces
 47708 | Shoals:3 | Found Eru Ramo's Antique Weapon Boutique.
 48297 | Shoals:4 | Entered Level 4 of the Shoals
 48457 | Shoals:4 | Noticed a kraken
 48464 | Shoals:4 | Killed a kraken
 48708 | Shoals:4 | Reached XP level 18. HP: 69/121 MP: 9/36
 48728 | Shoals:4 | Identified the +3 chain mail of Autotheism {Slay+3}
 50777 | Shoals:4 | Got a barnacled rune of Zot
 51165 | Vaults:1 | Entered Level 1 of the Vaults
 51168 | Vaults:1 | Found a ruined gateway.
 51178 | Desolati | Entered the Desolation of Salt
 51265 | Desolati | HP: 5/121 [ragged hierophant/a resonance strike (6)]
 51267 | Desolati | HP: 2/121 [saltling (15)]
 51267 | Desolati | Slain by a peacekeeper

Skill      XL: |  1  2  3  4  5  6  7  8  9 10 11 12 13 14 15 16 17 18 |
---------------+-------------------------------------------------------+-----
Spellcasting   | 3 4 9 10 11 12 13 14 | 14.4
Conjurations   | 8 9 10 11 12 13 | 13.8
Shields        | 1 2 3 4 |  4.0
Invocations    | 4 7 10 11 12 | 12.0
Fighting       | 2 5 6 |  6.0
Air Magic      | 1 3 4 |  4.4
Translocations | 1 3 |  3.0
Dodging        | 4 5 |  5.0
Evocations     | 3 5 |  5.0
Staves         | 3 5 |  5.0
Ice Magic      | 3 7 9 |  9.0
Summonings     | 3 8 11 12 | 12.6
Necromancy     | 3 8 11 12 | 12.6
Stealth        | |  2.6

Action                   |  1- 3 |  4- 6 |  7- 9 | 10-12 | 13-15 | 16-18 || total
-------------------------+-------+-------+-------+-------+-------+-------++-------
Melee: Unarmed           |    14 |       |       |       |       |       ||    14
       Constrict         |    18 |     6 |    25 |    11 |    24 |    26 ||   110
       Tentacles         |    10 |     4 |    10 |    17 |    32 |    16 ||    89
       Whip              |    54 |     3 |       |       |       |       ||    57
       Short sword       |       |    23 |    90 |       |       |       ||   113
       Falchion          |       |       |       |    29 |       |       ||    29
       Spear             |       |       |       |    59 |       |       ||    59
       Staff             |       |       |       |     1 |   191 |   100 ||   292
 Cast: Magic Dart        |    30 |    27 |    13 |    22 |     6 |       ||    98
       Iskenderun's Myst |       |     7 |    99 |   277 |   662 |   343 ||  1388
       Regeneration      |       |       |     1 |     2 |    10 |     1 ||    14
       Force Lance       |       |       |       |    21 |    88 |   115 ||   224
       Mephitic Cloud    |       |       |       |    12 |    36 |    10 ||    58
       Venom Bolt        |       |       |       |    21 |    59 |       ||    80
       Summon Ice Beast  |       |       |       |       |     1 |       ||     1
       Orb of Destructio |       |       |       |       |    25 |    81 ||   106
       Shroud of Golubri |       |       |       |       |     3 |     3 ||     6
       Freezing Cloud    |       |       |       |       |    16 |    97 ||   113
       Fireball          |       |       |       |       |     9 |    14 ||    23
       Haunt             |       |       |       |       |       |    49 ||    49
       Blink             |       |       |       |       |       |    12 ||    12
Invok: Divine Energy     |       |       |       |     1 |     6 |     5 ||    12
       Stop Divine Energ |       |       |       |     1 |     5 |     6 ||    12
       Channel Magic     |       |       |       |       |    14 |    25 ||    39
       Forget Spell      |       |       |       |       |     2 |     1 ||     3
Evoke: Wand              |       |       |       |     3 |     1 |     3 ||     7
       Phantom mirror    |       |       |       |       |       |     1 ||     1
  Use: Scroll            |     2 |     2 |     4 |     6 |    23 |    19 ||    56
       Potion            |       |     6 |       |       |     3 |    13 ||    22
 Stab: Sleeping          |     9 |     3 |     4 |     3 |     2 |     4 ||    25
       Distracted        |     1 |       |       |       |     1 |       ||     2
       Confused          |       |       |       |     2 |       |     2 ||     4
       Paralysed         |       |       |       |    10 |       |       ||    10
  Eat: Chunk             |     2 |     4 |    16 |    24 |    54 |    83 ||   183
       Ration            |       |       |       |     2 |     6 |     8 ||    16
Armor: Skin              |     6 |     1 |     5 |     2 |    97 |    54 ||   165
Dodge: Dodged            |    53 |    15 |    49 |    51 |   339 |   190 ||   697
Block: Other             |     1 |     6 |    10 |       |       |       ||    17
       Reflection        |       |       |     1 |     5 |     3 |       ||     9
       Buckler           |       |       |    38 |    53 |   214 |    74 ||   379
       Rpst.: Falchion   |       |       |       |    10 |       |       ||    10
